AoeStats
← xxCamper_2

African Clearing

504187725Analyzed
2v2 RM · 27d ago on Sep 4, 2026· 37m 8s· 4 players
Game mode
Random Map
Map size
Medium (4 player)
Population
200
Speed
Normal
Resources
Standard
Victory
Conquest
Starting age
Dark Age
Ending age
Imperial Age
RankedLock teamsTeams togetherTeam positionsShared explorationLock speedFull tech treeHidden civsTurbo modeCheats
Victory
Defeat
🇸🇰 Persians · Slovakia
1336
+13
🇪🇸 Huns · Spain
1304
+15
🇨🇳 Huns · China
1295
-15
🇨🇳 Lithuanians · China
1258
-13
xxCamper_2
5:27 Loom
12:14 Feudal Age
22:13 Castle Age
20:53 Double-Bit Axe
21:10 Horse Collar
31:51 Fletching
33:26 Scale Barding Armor
35:24 Bloodlines
chinorro
5:23 Loom
12:16 Feudal Age
13:30 Double-Bit Axe
18:33 Castle Age
18:11 Fletching
19:43 Bow Saw
19:26 Gold Mining
19:59 Fletching
22:14 Bodkin Arrow
24:53 Thumb Ring
27:10 Ballistics
29:30 Padded Archer Armor
30:14 Wheelbarrow
31:56 Hand Cart
35:48 Imperial Age
34:27 Bloodlines
34:18 Husbandry
36:34 Bracer
37:37 Chemistry
青铜斗士
3:17 Loom
14:59 Feudal Age
18:47 Castle Age
17:03 Scale Barding Armor
16:48 Double-Bit Axe
16:45 Horse Collar
18:01 Bloodlines
23:21 Chain Barding Armor
30:32 Bow Saw
31:27 Heavy Plow
33:25 Husbandry
35:32 Forging
37:04 Wheelbarrow
36:53 Town Watch
马虎
4:02 Loom
14:23 Feudal Age
23:36 Castle Age
22:18 Bloodlines
23:08 Scale Barding Armor
27:29 Fletching
28:32 Double-Bit Axe
28:30 Horse Collar
30:14 Chain Barding Armor
Connection lost

Rejoining the realm…

Still unreachable

The connection could not be restored.

Session expired

The server has moved on; the page needs a fresh start.